 Dungeon Crawl Stone Soup version 0.31.0-32-g396128a36d (webtiles) character file.

Game seed: 8872779563162631877

17998 LilacLich the Mimic (level 12, -1/91 HPs)
             Began as an Octopode Shapeshifter on Mar 31, 2024.
             Was a Follower of Uskayaw.
             Slain by a fire bat (8 damage)
             ... in a volcano.
             The game lasted 00:31:20 (16790 turns).

LilacLich the Mimic (Octopode Shapeshifter)        Turns: 16790, Time: 00:31:21

Health: -1/91      AC:  5    Str: 14    XL:     12   Next: 53%
Magic:  16/16      EV: 19    Int: 17    God:    Uskayaw [*.....]
Gold:   1049       SH:  5    Dex: 11    Spells: 11/11 levels left

rFire   . .          .
                       - Unarmed
rCold   . . .        (no shield)
rNeg    + . .        (helmet restricted)
rPois   .            y - amulet of reflection
rElec   .            R - ring of resist corrosion
rCorr   +            W - ring of willpower
SInv    .            T - +4 ring of protection
Will    +....        E - +5 ring of evasion
Stlth   ++++         N - ring of positive energy
HPRegen 0.35/turn    (no ring)
MPRegen 0.15/turn    (no ring)
                     (no ring)

%: reflection
@: maw-form
A: devouring maw, almost no armour, amphibious, 8 rings, camouflage 1,
gelatinous body 1, nimble swimmer 1, tentacles
a: Begin Untransformation, Renounce Religion, Stomp


You were in a volcano.
You worshipped Uskayaw.
Uskayaw was noncommittal.
You were a creature with a mouth for a stomach.
You visited 3 branches of the dungeon, and saw 14 of its levels.
You also visited: Sewer, Ossuary and Volcano.

You collected 1049 gold pieces.


Innate Abilities, Weirdness & Mutations

You are a creature with a mouth for a stomach.
Your midsection houses a second, enormous mouth.
You cannot wear most types of armour.
You are amphibious.
You can wear up to eight rings at the same time.
Your skin changes colour to match your surroundings (Stealth+).
Your rubbery body absorbs attacks. (AC +1, EV +1)
You are camouflaged when in or above water. (Stealth+)
You have tentacles for arms and can constrict up to eight enemies at once.


   Skills:
 - Level 12.0 Fighting
 - Level 4.0 Dodging
 - Level 3.0 Stealth
 - Level 8.0 Unarmed Combat
 - Level 6.0 Invocations
 - Level 3.0 Evocations
 + Level 12.1 Shapeshifting


You had 11 spell levels left.
You didn't know any spells.
Your spell library contained the following spells:

 Spells                   Type           Power      Damage    Failure   Level
 Call Imp                 Summ           0%         N/A       34%         2
 Cigotuvi's Dreadful Rot  Necr/Alch/Air  0%         N/A       34%         2
 Ensorcelled Hibernation  Hex/Ice        0%         N/A       34%         2
 Sublimation of Blood     Necr           0%         N/A       34%         2
 Passwall                 Erth           0%         N/A       56%         3
 Swiftness                Air            0%         N/A       56%         3
 Ignite Poison            Fire/Alch      0%         N/A       93%         4
 Petrify                  Alch/Erth      0%         N/A       93%         4
 Freezing Cloud           Conj/Ice/Air   0%         6-21      100%        5
 Irradiate                Conj/Alch      0%         3d11      100%        5
 Summon Hydra             Summ           0%         N/A       100%        7

Inventory:

Missiles
 g - 5 atropa-tipped darts
 r - 2 throwing nets {=f}
 s - 64 poisoned darts (quivered)
 G - 3 silver javelins
Jewellery
 y - an amulet of reflection (around mantle)
 E - a +5 ring of evasion (on tentacle)
 N - a ring of positive energy (on tentacle)
 R - a ring of resist corrosion (left tentacle)
 T - a +4 ring of protection (on tentacle)
 W - a ring of willpower (right tentacle)
Talismans
 b - a beast talisman
 c - a flux talisman
 I - a maw talisman (active)
Wands
 w - a wand of charming (19)
 F - a wand of flame (11)
Scrolls
 e - 7 scrolls of teleportation {@r2}
 f - 6 scrolls of enchant weapon
 i - 3 scrolls of enchant armour {unknown}
 j - 2 scrolls of poison {unknown}
 k - 4 scrolls of vulnerability {unknown}
 l - 4 scrolls of immolation {unknown}
 o - 2 scrolls of noise {unknown}
 p - a scroll of butterflies {unknown}
 q - 3 scrolls of blinking {unknown}
 B - 2 scrolls of revelation {unknown}
 D - a scroll of fog {unknown}
 H - a scroll of amnesia {unknown}
 J - a scroll of fear {unknown}
 K - 2 scrolls of brand weapon {unknown}
Potions
 a - 3 potions of lignification
 d - 4 potions of mutation
 h - a potion of magic
 m - 4 potions of curing {@q1}
 t - a potion of attraction {unknown}
 u - a potion of invisibility {unknown}
 v - 3 potions of enlightenment
 x - a potion of berserk rage {unknown}
 z - 3 potions of ambrosia
 A - 2 potions of brilliance
 C - a potion of cancellation

Dungeon Overview and Level Annotations

Branches:
Dungeon (12/15)            Temple (1/1) D:6            Lair (1/5) D:11
    Orc (0/2) D:9           Sewer (visited)         Ossuary (visited)
Volcano (1/1)

Altars:
Ashenzari
Cheibriados
Dithmenos
Elyvilon
Fedhas
Gozag
Hepliaklqana
Kikubaaqudgha
Makhleb
Nemelex Xobeh
Okawaru
Qazlal
Ru
Sif Muna
Trog
Uskayaw
Vehumet
Wu Jian
Xom
Yredelemnul
Zin
The Shining One

Shops:
D:9 (

Annotations:
D:11 1 runed translucent door, 1 exclusion

#...##'##....##≈ ≈
............##≈≈≈≈
~~.≈~.~~~..~~≈≈≈≈≈
.~≈~.NN≈~~.~≈≈≈≈≈≈
≈≈≈~~≈≈≈c~≈≈≈≈≈≈≈≈
≈≈≈≈≈≈≈≈≈≈≈≈≈≈≈≈≈≈
≈≈≈≈≈≈≈≈≈≈≈≈≈≈≈≈≈≈
≈≈≈≈≈≈≈≈≈b≈≈≈≈≈≈≈≈
≈≈≈≈≈≈≈≈≈W≈≈≈≈≈≈≈≈
≈≈≈≈≈≈≈≈≈≈≈≈≈≈≈≈≈≈
≈≈≈≈≈≈≈≈≈≈≈≈≈≈≈≈≈
#################


You could see 2 salamanders, a fire bat and a centaur.


Message History

Unknown command.
You release your grip on the salamander.
You enter the shallow water.
The salamander hits you from afar with a +0 trident of flaming.
* * * LOW HITPOINT WARNING * * *
You are engulfed in flames!
* * * LOW HITPOINT WARNING * * *
The salamander burns you.
* * * LOW HITPOINT WARNING * * *
Unknown command.
Unknown command.
The centaur shoots an arrow.
The arrow hits you.
* * * LOW HITPOINT WARNING * * *
The arrow burns you.
* * * LOW HITPOINT WARNING * * *
Unknown command.
Okay, then.
Okay, then.
Unknown command.
It was a potion of cancellation.
You feel magically purged. The fire bat barely misses you.
The centaur shoots an arrow.
The arrow misses you. The fire bat closely misses you.
You can no longer pass through a line of other dancers.
Unknown command.
The air gets thick with the scent of sulphur.
The fire bat attacks as it pursues you! The fire bat bites you.
* * * LOW HITPOINT WARNING * * *
You are engulfed in flames!
You die...

Skill      XL: |  1  2  3  4  5  6  7  8  9 10 11 12 |
---------------+-------------------------------------+-----
Fighting       | 2 3 4 5 6 8 9 11 12 | 12.0
Shapeshifting  | 4 5 6 7 9 10 12 | 12.1
Unarmed Combat | 4 6 8 |  8.0
Stealth        | 3 |  3.0
Dodging        | 3 4 |  4.0
Invocations    | 5 6 |  6.0
Evocations     | 3 |  3.0

Action                     |  1- 3 |  4- 6 |  7- 9 | 10-12 || total
---------------------------+-------+-------+-------+-------++-------
  Melee: Unarmed           |    54 |   103 |   372 |   420 ||   949
         Constrict         |    14 |    19 |   100 |    74 ||   207
         Tentacles         |     7 |    13 |   111 |   122 ||   253
         Punch             |     2 |     1 |     4 |    11 ||    18
         Maw               |       |       |       |   105 ||   105
  Throw: Dart              |       |     1 |    14 |     6 ||    21
  Evoke: Wand              |       |       |       |     4 ||     4
    Use: Potion            |       |     1 |     3 |     8 ||    12
         Scroll            |       |       |    10 |     5 ||    15
   Stab: Sleeping          |     2 |     5 |     2 |     8 ||    17
         Paralysed         |       |       |     7 |    28 ||    35
         Distracted        |       |       |     1 |       ||     1
 Armour: Skin              |    26 |    39 |   150 |   156 ||   371
  Dodge: Dodged            |    38 |    60 |   186 |   312 ||   596
  Block: Other             |       |       |    34 |    83 ||   117
         Reflection        |       |       |       |     9 ||     9
   Form: Flux              |       |       |     1 |       ||     1
         Maw               |       |       |       |     1 ||     1

Levels and vault maps discovered:
D:1:      minmay_arrival_diagonal_passages, layout_rooms, basic_ecumenical_altar
D:2:      layout_loops_ring, uniq_natasha
D:3:      layout_rooms, mainiacjoe_sewer_entry_somewhere_in_here_1
D:4:      layout_basic
D:5:      layout_basic, enter_ossuary_2
D:6:      layout_rooms, minmay_temple_entry_proselytizer
D:7:      layout_basic, dk_noncrumbling_4, due_unseen_surprise
D:8:      layout_layer_cave, mainiacjoe_overflow_divided_tiny,
          minmay_shattered_shrine
D:9:      layout_basic, orc_david_3, kennysheep_cluttered_room
D:10:     layout_cave_pools, uniq_joseph, uniq_urug
D:11:     layout_roguey, lair_entry_dummy, minmay_st_funbox
D:12:     layout_cave_pools, hangedman_decor_peaks_small
Temple:   mainiacjoe_temple_big_plus
Lair:1:   layout_long_grid, nicolae_volcano_entry_vermiform,
          nicolae_quartered_pool_impasse, uniq_amaemon
Volcano:  volcano_village

Notes
Turn   | Place    | Note
-------+----------+-------------------------------------------
     0 | D:1      | LilacLich the Octopode Shapeshifter began the quest for the
                  | Orb.
     0 | D:1      | Reached XP level 1. HP: 13/13 MP: 1/1
   106 | D:1      | Found a faded altar of an unknown god.
   151 | D:1      | Reached skill level 2 in Fighting
   151 | D:1      | Reached XP level 2. HP: 17/19 MP: 2/2
   729 | D:2      | Noticed Natasha
   736 | D:2      | Killed Natasha
   737 | D:2      | Reached skill level 3 in Fighting
   737 | D:2      | Reached XP level 3. HP: 26/26 MP: 3/3
   911 | D:2      | Noticed Natasha
   922 | D:2      | Killed Natasha
   923 | D:2      | Reached skill level 4 in Fighting
   923 | D:2      | Reached XP level 4. HP: 11/33 MP: 4/4
  1250 | D:3      | Found a glowing drain.
  1268 | Sewer    | Entered a sewer
  1281 | Sewer    | Reached XP level 5. HP: 36/37 MP: 5/5
  1465 | Sewer    | Noticed a kobold brigand
  1477 | Sewer    | Killed a kobold brigand
  1478 | Sewer    | Reached skill level 4 in Shapeshifting
  1669 | Sewer    | Noticed a kobold brigand
  1679 | Sewer    | Killed a kobold brigand
  1680 | Sewer    | Reached skill level 5 in Fighting
  1680 | Sewer    | Reached XP level 6. HP: 30/45 MP: 6/6
  1786 | Sewer    | HP: 5/67 [crocodile (7)]
  1789 | Sewer    | Reached skill level 5 in Shapeshifting
  2517 | D:3      | Reached XP level 7. HP: 50/50 MP: 7/7
  3141 | D:4      | Reached skill level 6 in Shapeshifting
  3249 | D:4      | Reached skill level 4 in Unarmed Combat
  3524 | D:4      | HP: 1/50 [gnoll/+0 whip[a gnoll bouda] (7)]
  3952 | D:4      | Identified the +0 helmet of Generosity {rC+ rCorr Str+3}
  3961 | D:5      | Entered Level 5 of the Dungeon
  3990 | D:5      | Reached XP level 8. HP: 51/55 MP: 8/8
  4037 | D:5      | Reached skill level 7 in Shapeshifting
  4131 | D:5      | Found a sand-covered staircase.
  4136 | Ossuary  | Entered an ossuary
  4853 | D:5      | Reached skill level 5 in Unarmed Combat
  5245 | D:5      | Reached skill level 6 in Fighting
  5834 | D:5      | Reached skill level 6 in Unarmed Combat
  6297 | D:6      | Reached XP level 9. HP: 61/63 MP: 9/9
  6630 | D:6      | Reached skill level 7 in Fighting
  6630 | D:6      | Reached skill level 7 in Unarmed Combat
  6633 | D:6      | Reached skill level 1 in Stealth
  6871 | D:6      | Found a staircase to the Ecumenical Temple.
  6999 | Temple   | Entered the Ecumenical Temple
  7030 | Temple   | Became a worshipper of Uskayaw the Reveller
  7108 | D:7      | Reached * piety under Uskayaw
  7110 | D:7      | Reached skill level 2 in Stealth
  7369 | D:7      | Reached ** piety under Uskayaw
  7374 | D:7      | Reached *** piety under Uskayaw
  7757 | D:7      | Reached skill level 3 in Dodging
  7757 | D:7      | Reached skill level 3 in Stealth
  7804 | D:7      | Reached skill level 1 in Invocations
  7811 | D:7      | Reached skill level 2 in Invocations
  8506 | D:8      | Reached skill level 3 in Invocations
  8519 | D:8      | Reached **** piety under Uskayaw
  8521 | D:8      | Reached ***** piety under Uskayaw
  8522 | D:8      | Reached skill level 4 in Invocations
  8655 | D:8      | Noticed an efreet
  8896 | D:8      | Reached skill level 5 in Invocations
  9167 | D:8      | Noticed a two-headed ogre
  9186 | D:8      | Killed a two-headed ogre
  9187 | D:8      | Reached skill level 8 in Fighting
  9187 | D:8      | Reached skill level 8 in Unarmed Combat
  9187 | D:8      | Reached XP level 10. HP: 57/72 MP: 13/13
  9253 | D:8      | Found an ancient bone altar of Kikubaaqudgha.
  9253 | D:8      | Found an opulent altar of Gozag.
  9485 | D:8      | Noticed an eight-headed hydra
 10323 | D:8      | Reached skill level 8 in Shapeshifting
 10517 | D:9      | Noticed a two-headed ogre
 10555 | D:9      | Found Caonagug's Weapon Emporium.
 10555 | D:9      | Found a staircase to the Orcish Mines.
 10923 | D:9      | Reached skill level 4 in Dodging
 11534 | D:9      | Killed a two-headed ogre
 11892 | D:10     | Entered Level 10 of the Dungeon
 12170 | D:10     | Reached skill level 1 in Evocations
 12548 | D:10     | Reached skill level 9 in Fighting
 12548 | D:10     | Reached skill level 2 in Evocations
 12551 | D:10     | Noticed Urug
 12751 | D:10     | Reached skill level 9 in Shapeshifting
 12771 | D:10     | Killed Urug
 12772 | D:10     | Reached skill level 3 in Evocations
 12772 | D:10     | Reached XP level 11. HP: 20/80 MP: 14/14
 13085 | D:10     | Noticed Joseph
 13101 | D:10     | Killed Joseph
 13102 | D:10     | Reached skill level 10 in Shapeshifting
 13244 | D:8      | Noticed a cyclops
 13274 | D:8      | Killed a cyclops
 13618 | D:8      | Noticed a brown ugly thing
 13828 | D:8      | Identified the +1 cloak of Absence {Harm rC++ Dex+3}
 14334 | D:10     | Reached skill level 10 in Fighting
 14341 | D:10     | Noticed a sun demon
 14650 | D:11     | Reached skill level 6 in Invocations
 14667 | D:11     | Noticed a cyclops
 14676 | D:11     | Killed a cyclops
 14722 | D:11     | Noticed a boulder beetle
 14752 | D:11     | Killed a boulder beetle
 15003 | D:11     | Reached skill level 11 in Fighting
 15065 | D:11     | Noticed a two-headed ogre
 15071 | D:11     | Killed a two-headed ogre
 15256 | D:11     | Noticed a two-headed ogre
 15279 | D:11     | Killed a two-headed ogre
 15369 | D:11     | You fall into a shaft and drop 1 floor!
 15465 | D:11     | Found a staircase to the Lair.
 15473 | D:11     | Found a runed translucent door.
 15475 | D:11     | Noticed a deep troll
 15475 | D:11     | Noticed a tengu warrior
 15481 | D:11     | Identified the amulet of Duwnan {Acrobat MP+9}
 15485 | D:11     | Noticed a six-headed hydra
 15512 | D:11     | Reached XP level 12. HP: 90/90 MP: 16/16
 15518 | D:11     | Reached skill level 11 in Shapeshifting
 15919 | Lair:1   | Entered Level 1 of the Lair of Beasts
 16124 | Lair:1   | Noticed Amaemon
 16135 | Lair:1   | Reached ****** piety under Uskayaw
 16147 | Lair:1   | Reached skill level 12 in Shapeshifting
 16196 | Lair:1   | Killed Amaemon
 16557 | Lair:1   | Found a dark tunnel.
 16569 | Lair:1   | HP: 3/91 [lindwurm/blast of flame (47)]
 16576 | Lair:1   | Reached skill level 12 in Fighting
 16613 | Volcano  | Entered a volcano
 16787 | Volcano  | HP: 9/91 [centaur/arrow (1)]
 16790 | Volcano  | Slain by a fire bat

Vanquished Creatures
  A boulder beetle (D:11)
  4 two-headed ogres
  Urug (D:10)
  Amaemon (Lair:1)
  A lindwurm (Lair:1)
  2 cyclopes
  Joseph (D:10)
  A cane toad (shapeshifter) (D:8)
  2 cane toads (Lair:1)
  4 kobold demonologists
  An efreet (D:8)
  2 trolls
  9 blink frogs (Lair:1)
  4 wraiths
  3 shadows
  A wyvern (D:8)
  6 yaks (Lair:1)
  A fire bat (Volcano)
  A steam dragon (Lair:1)
  4 vampire mosquitoes (D:11)
  4 water moccasins
  An acid dragon (D:11)
  6 orc warriors
  2 ice beasts
  A crocodile (Sewer)
  3 wolves (Lair:1)
  3 centaurs
  A phantom (D:5)
  8 kobold brigands
  3 bullfrogs
  A gnoll sergeant (D:9)
  4 scorpions
  6 wights
  15 killer bees
  3 howler monkeys
  2 electric eels (D:9)
  A bombardier beetle (D:4)
  2 hounds
  2 jellies
  9 orc priests
  2 gnoll boudas
  3 iguanas
  A sleepcap (D:4)
  Natasha (twice) (D:2)
  10 orc wizards
  8 mummies (Ossuary)
  15 adders
  13 gnolls
  4 white imps
  2 ufetubi (D:7)
  A dart slug (D:3)
  52 orcs
  9 ball pythons
  6 bats
  6 endoplasms
  3 giant cockroaches
  5 goblins
  7 hobgoblins
  2 quokkas
  6 frilled lizards
  3 gnoll zombies (Ossuary)
  4 hobgoblin zombies (Ossuary)
  30 kobolds
  An orc zombie (Ossuary)
  7 rats
329 creatures vanquished.

Vanquished Creatures (others)
  A kobold (D:9)
1 creature vanquished.

Grand Total: 330 creatures vanquished

Table legend: (Time is in decaauts)
 A = Elapsed time spent in this place.
 B = Non-inter-level travel time spent in this place.
 C = Inter-level travel time spent in this place.
 D = Time resting spent in this place.
 E = Time spent auto-exploring this place.
 F = Levels seen in this place.
 G = Mean time per level.
                   A        B        C        D        E       F      G
               +--------+--------+--------+--------+--------+-----+--------+
         Total |  16694 |  16088 |    606 |   5218 |   8167 |  17 |  982.0 |
       Dungeon |  14242 |  13696 |    546 |   4204 |   7411 |  12 | 1186.8 |
        Temple |     61 |      1 |     60 |      0 |      0 |   1 |   61.0 |
          Lair |    678 |    678 |      0 |     48 |    367 |   1 |  678.0 |
         Sewer |    877 |    877 |      0 |    521 |    171 |   1 |  877.0 |
       Ossuary |    658 |    658 |      0 |    296 |    218 |   1 |  658.0 |
       Volcano |    176 |    176 |      0 |    149 |      0 |   1 |  176.0 |
               +--------+--------+--------+--------+--------+-----+--------+

Top non-repeatable levels by time:
     D:8: 2684 daAuts
     D:9: 1707 daAuts
     D:7: 1666 daAuts
     D:5: 1542 daAuts
    D:10: 1434 daAuts
     D:4: 1286 daAuts
    D:11: 1270 daAuts
   Sewer: 877 daAuts
     D:6: 847 daAuts
     D:2: 700 daAuts
  Lair:1: 678 daAuts
 Ossuary: 658 daAuts
     D:3: 549 daAuts
     D:1: 530 daAuts
 Volcano: 176 daAuts

Table legend:
 A = Non-vault XP
 B = Vault XP
 C = Vault XP percentage of total XP
 D = Non-vault monster count
 E = Vault monster count
 F = Vault count percentage of total count
                 A         B        C        D         E       F
            +---------+---------+-------+---------+---------+-------
      Total |   20459 |    5253 |  20.4 |     269 |      60 |  18.2
            +---------+---------+-------+---------+---------+-------
        D:1 |      20 |       0 |   0.0 |      11 |       0 |   0.0
        D:2 |      76 |      35 |  31.5 |      19 |       1 |   5.0
        D:3 |      81 |      30 |  27.0 |      20 |       5 |  20.0
        D:4 |     493 |       0 |   0.0 |      24 |       0 |   0.0
        D:5 |     838 |       0 |   0.0 |      21 |       0 |   0.0
        D:6 |     750 |      41 |   5.2 |      14 |       1 |   6.7
        D:7 |     406 |       0 |   0.0 |      32 |       0 |   0.0
        D:8 |    1651 |    1466 |  47.0 |      22 |       9 |  29.0
        D:9 |    2234 |     279 |  11.1 |      30 |       4 |  11.8
       D:10 |    3197 |    1233 |  27.8 |      27 |       2 |   6.9
       D:11 |    5236 |       0 |   0.0 |      24 |       0 |   0.0
     Lair:1 |    5477 |    1437 |  20.8 |      25 |       2 |   7.4
      Sewer |       0 |     376 | 100.0 |       0 |      19 | 100.0
    Ossuary |       0 |     157 | 100.0 |       0 |      16 | 100.0
    Volcano |       0 |     199 | 100.0 |       0 |       1 | 100.0
            +---------+---------+-------+---------+---------+-------
